 Dungeon Crawl Stone Soup version 0.30-a0-782-ge64f9170bb (webtiles) character file.

Game seed: 2582050531983622923

1789 CrazyBamboolord the Spear-Bearer (level 9, 0/92 HPs)
             Began as an Ogre Gladiator on Feb 26, 2023.
             Slain by a sky beast (6 damage)
             ... on level 6 of the Dungeon.
             The game lasted 00:10:34 (5742 turns).

CrazyBamboolord the Spear-Bearer (Ogre Gladiator)   Turns: 5742, Time: 00:10:35

Health: 0/92       AC:  5    Str: 24    XL:     9   Next: 8%
Magic:  9/9        EV: 11    Int:  9    God:
Gold:   372        SH:  0    Dex: 10    Spells: 8/8 levels left

rFire   + . .      SeeInvis .    a - +0 trident
rCold   + . .      Faith    .    (no shield)
rNeg    . . .      Spirit   .    b - +0 robe
rPois   .          Reflect  .    k - +1 hat
rElec   .          Harm     .    g - +0 cloak
rCorr   .          Rampage  .    (gloves unavailable)
Will    .....                    (boots unavailable)
Stlth   +                        j - amulet of magic regeneration
HPRegen 0.35/turn                u - ring of protection from cold
MPRegen 0.51/turn                z - ring of protection from fire

@: no status effects
A: large, unfitting armour, tough skin 1
a: no special abilities


You were on level 6 of the Dungeon.
You visited 1 branch of the dungeon, and saw 6 of its levels.

You collected 372 gold pieces.

Inventory:

Hand Weapons
 a - a +0 trident (weapon)
Missiles
 d - 3 throwing nets (quivered)
 e - a large rock
 w - 2 boomerangs of dispersal
Armour
 b - a +0 robe (worn)
 g - a +0 cloak (worn)
 k - a +1 hat (worn)
Jewellery
 j - an amulet of magic regeneration (around neck)
 u - a ring of protection from cold (left hand)
 v - a ring of ice
 z - a ring of protection from fire (right hand)
 A - an amulet of faith
Wands
 o - a wand of digging (17)
 r - a wand of flame (33)
 x - a wand of polymorph (12)
Scrolls
 h - a scroll of silence
 i - a scroll of vulnerability {unknown}
 l - a scroll of fear {unknown}
 m - a scroll of teleportation {unknown}
 n - a scroll of magic mapping {unknown}
 p - 2 scrolls of enchant weapon {unknown}
 q - 3 scrolls of amnesia
 y - 2 scrolls of immolation {unknown}
 F - a scroll of enchant armour {unknown}
Potions
 c - 2 potions of lignification
 f - 2 potions of attraction
 s - a potion of curing
 t - a potion of heal wounds
 B - a potion of invisibility {unknown}
 C - a potion of haste {unknown}
 D - a potion of flight {unknown}
 E - a potion of mutation {unknown}
 G - a potion of might {unknown}


   Skills:
 * Level 6.9 Fighting
 * Level 8.8 Polearms
 * Level 4.2 Throwing
 * Level 5.2 Dodging


You had 8 spell levels left.
You didn't know any spells.
Your spell library contained the following spells:

 Spells                   Type           Power      Damage    Failure   Level
 Inner Flame              Hex/Fire       0%         N/A       77%         3
 Ozocubu's Armour         Ice            0%         N/A       77%         3
 Flame Wave               Conj/Fire      0%         2d4       99%         4
 Sticky Flame             Conj/Fire      0%         2d3       99%         4
 Metabolic Englaciation   Hex/Ice        0%         N/A       100%        5
 Simulacrum               Ice/Necr       0%         N/A       100%        6


Dungeon Overview and Level Annotations

Branches:
Dungeon (6/15)
 Temple: D:4-7

Altars:

Shops:
D:1 (


Innate Abilities, Weirdness & Mutations

You are too large for most types of armour.
You have tough skin. (AC +1)


Message History

You feel much better.
The orc priest hits you with a +0 dagger.
The sky beast misses you.
You barely miss the orc priest.
The orc priest is heavily wounded.
The orc priest closely misses you. The sky beast hits you.
The sky beast shocks you.
You closely miss the orc priest.
The orc priest is heavily wounded.
You puncture the orc priest!
You kill the orc priest!
The sky beast completely misses you.
The sky beast flickers out of sight!
Deactivating autopickup; reactivate with Ctrl-A.
Something hits you. Something shocks you.
You see here a +0 dagger.
You miss something. Something hits you but does no damage.
You hit something but do no damage. Something hits you but does no damage.
You barely miss something. Something hits you but does no damage.
You miss something. Something hits you.
* * * LOW HITPOINT WARNING * * *
Something shocks you.
* * * LOW HITPOINT WARNING * * *
You closely miss something. Something hits you but does no damage.
You miss something. You puncture something!
Something hits you but does no damage.
You puncture something! Something hits you.
* * * LOW HITPOINT WARNING * * *
Something shocks you.
* * * LOW HITPOINT WARNING * * *
You hit something but do no damage. Something hits you.
* * * LOW HITPOINT WARNING * * *
Something shocks you.
* * * LOW HITPOINT WARNING * * *
You barely miss something.
A sky beast appears from thin air!
Reactivating autopickup.
The sky beast hits you.
* * * LOW HITPOINT WARNING * * *
The sky beast shocks you.
You die...

.................... .....
......###.##..#...>.. ......
......###.##..#...... . .##.#...
'#+##............... .. ........
.#.##.###.##....... .. ...#...
...........#..#..# .# #.#...
...##.###..#.....# ..#.. #.....
##.##.###..##....#...... .##.#...
##.##..........)@....... ........
................Y#....#. .##.##..
...........##........... ........
##.##...........................[
##.##......##....................
..<..................##...##.#...
#####.###............##...##.#.#.
#####.###.###......#.##...##.#.#.
................ # #...##.#.#.


You could see a sky beast.

Vanquished Creatures
  A two-headed ogre (D:6)
  2 ice beasts (D:6)
  An ogre (D:5)
  4 scorpions
  A howler monkey (D:5)
  7 hounds
  3 orc priests
  4 iguanas
  3 orc wizards
  6 adders
  A white imp (D:5)
  2 worms
  4 dart slugs
  16 orcs
  14 endoplasms
  2 giant cockroaches (D:4)
  8 goblins
  7 hobgoblins
  8 jackals
  6 kobolds
  3 quokkas
  10 ball pythons
  5 bats
  A frilled lizard (D:1)
  10 rats
129 creatures vanquished.

Notes
Turn   | Place    | Note
-------+----------+-------------------------------------------
     0 | D:1      | CrazyBamboolord the Ogre Gladiator began the quest for the
                  | Orb.
     0 | D:1      | Reached XP level 1. HP: 22/22 MP: 1/1
   112 | D:1      | Reached XP level 2. HP: 29/29 MP: 2/2
   490 | D:1      | Reached XP level 3. HP: 32/37 MP: 3/3
   568 | D:1      | Found Nuaq Aro's Weapon Boutique.
  1129 | D:2      | Reached XP level 4. HP: 45/45 MP: 4/4
  1243 | D:2      | Reached skill level 4 in Polearms
  2229 | D:4      | Reached XP level 5. HP: 48/53 MP: 5/5
  2411 | D:4      | Reached skill level 5 in Polearms
  2669 | D:4      | Reached XP level 6. HP: 61/62 MP: 6/6
  3066 | D:5      | Entered Level 5 of the Dungeon
  3541 | D:5      | Reached skill level 6 in Polearms
  3541 | D:5      | Reached XP level 7. HP: 70/71 MP: 7/7
  3966 | D:5      | Reached skill level 5 in Fighting
  4748 | D:6      | Reached skill level 7 in Polearms
  4748 | D:6      | Reached XP level 8. HP: 43/80 MP: 8/8
  5252 | D:6      | Noticed a two-headed ogre
  5267 | D:6      | Killed a two-headed ogre
  5268 | D:6      | Reached skill level 8 in Polearms
  5268 | D:6      | Reached skill level 5 in Dodging
  5268 | D:6      | Reached XP level 9. HP: 16/92 MP: 9/9
  5742 | D:6      | Slain by a sky beast

Illustrated notes

Levels and vault maps discovered:
D:1:      kennysheep_arrival_seaside, layout_loops_ring, serial_shops,
          nicolae_shop_bloodbath_and_beyond, serial_bayou_pond_c
D:2:      minmay_chambers_of_twos, layout_rooms
D:3:      layout_basic
D:4:      layout_rooms
D:5:      layout_cave_pods
D:6:      kennysheep_spiral_hall, layout_basic, kennysheep_generic_room_14

Skill      XL: |  1  2  3  4  5  6  7  8 |
---------------+-------------------------+-----
Dodging        | 3 4 5 |  5.2
Fighting       | 3 4 5 6 |  6.9
Polearms       | 4 5 6 7 8 |  8.8
Throwing       | 3 4 |  4.2

Action                     |  1- 3 |  4- 6 |  7- 9 || total
---------------------------+-------+-------+-------++-------
  Melee: Trident           |   121 |   228 |   210 ||   559
         Punch             |       |     1 |     3 ||     4
  Throw: Throwing net      |       |       |     2 ||     2
         Large rock        |       |       |     1 ||     1
         Boomerang         |       |       |     1 ||     1
  Evoke: Wand              |       |       |     3 ||     3
    Use: Scroll            |     2 |     2 |     2 ||     6
         Potion            |       |       |     1 ||     1
   Stab: Held in net/web   |       |       |     1 ||     1
         Sleeping          |       |       |     1 ||     1
 Armour: Robe              |    38 |    68 |    49 ||   155
  Dodge: Dodged            |    58 |    96 |    78 ||   232

Table legend: (Time is in decaauts)
 A = Elapsed time spent in this place.
 B = Non-inter-level travel time spent in this place.
 C = Inter-level travel time spent in this place.
 D = Time resting spent in this place.
 E = Time spent auto-exploring this place.
 F = Levels seen in this place.
 G = Mean time per level.
                   A        B        C        D        E       F      G
               +--------+--------+--------+--------+--------+-----+--------+
         Total |   5759 |   5513 |    246 |    365 |   4061 |   6 |  959.8 |
       Dungeon |   5759 |   5513 |    246 |    365 |   4061 |   6 |  959.8 |
               +--------+--------+--------+--------+--------+-----+--------+

Top non-repeatable levels by time:
     D:6: 1258 daAuts
     D:5: 1243 daAuts
     D:4: 1017 daAuts
     D:1: 928 daAuts
     D:3: 658 daAuts
     D:2: 653 daAuts
